 Dungeon Crawl Stone Soup version 0.31.0-11-ge490571c62 (webtiles) character file.

Game seed: 11636433049027528936

1 Goblin1989 the Sneak (level 1, 0/18 HPs)
             Began as a Demonspawn Delver on Feb 4, 2024.
             Slain by a quokka (2 damage)
             ... on level 4 of the Dungeon.
             The game lasted 00:00:28 (19 turns).

Goblin1989 the Sneak (Demonspawn Delver)              Turns: 19, Time: 00:00:29

Health: 0/18       AC:  3    Str: 12    XL:     1   Next: 16%
Magic:  1/1        EV: 11    Int: 10    God:
Gold:   0          SH:  0    Dex: 14    Spells: 0/0 levels left

rFire   . . .        a - +0 mace
rCold   . . .        (no shield)
rNeg    . . .        b - +0 leather armour
rPois   .            (no helmet)
rElec   .            (no cloak)
rCorr   .            (no gloves)
SInv    .            (no boots)
Will    .....        (no amulet)
Stlth   ++           (no ring)
HPRegen 0.23/turn    (no ring)
MPRegen 0.07/turn

%: no passive effects
@: no status effects
A: no striking features
a: no special abilities


You were on level 4 of the Dungeon.
You visited 1 branch of the dungeon, and saw 2 of its levels.

Inventory:

Hand Weapons
 a - a +0 mace (weapon)
Armour
 b - a +0 leather armour (worn)
Wands
 g - a wand of digging (3) {@v3}
Scrolls
 c - a scroll of fog
 d - a scroll of revelation
 e - a scroll of fear
Potions
 f - a potion of haste {@q3,}


   Skills:
 - Level 3.0 Fighting
 + Level 1.9 Maces & Flails
 - Level 1.7 Dodging
 - Level 4.5 Stealth


You couldn't memorise any spells.
You didn't know any spells.
Your spell library was empty.

Dungeon Overview and Level Annotations

Branches:
Dungeon (5/15) Zot: 11979
 Temple: D:4-7

Altars:


Message History

Bad monster_list_colour key: strict_neutral Options error: Unknown explore stop condition 'gates' (Goblin1989.rc:83) Welcome, Goblin1989 the Demonspawn Delver.
Are you destined to find the transcendent Orb of Zot, or to die trying?
Press ? for a list of commands and other information.
Found a barding.
Found a stone staircase leading down and a stone staircase leading up.
Saving game... please wait.
Bad monster_list_colour key: strict_neutral Options error: Unknown explore stop condition 'gates' (Goblin1989.rc:83) Welcome back, Goblin1989 the Demonspawn Delver.
Press ? for a list of commands and other information.
There is a stone staircase leading up here.
Unknown command.
You climb upwards.
Found a robe.
Found a stone staircase leading down.
There is a stone staircase leading down here.
The helpless quokka fails to defend itself.
You hit the quokka.
The quokka is almost dead.
The quokka misses you.
You hit the quokka.
You kill the quokka!
Found a stone staircase leading up.
The quokka bites you but does no damage.
The iguana hisses angrily.
The quokka closely misses you. The quokka closely misses you.
The iguana barely misses you. The quokka attacks as it pursues you!
The quokka bites you.
You take 2 damage, and have 16/18 hp.
The quokka attacks as it pursues you! The quokka closely misses you.
The iguana attacks as it pursues you! The iguana bites you!
Ouch! That really hurt!
* * * LOW HITPOINT WARNING * * *
You take 14 damage, and have 2/18 hp.
MASSIVE DAMAGE!!
The quokka attacks as it pursues you! The quokka bites you.
You die...

.........██
█............█
.............██
..............█
..............███
...............>██
................†█
........r........█
.......@l........█
...............[....
....................
.................████
..............>.██
................█
................█
.................


You could see an iguana and a quokka.

Vanquished Creatures
  A quokka (D:4)
1 creature vanquished.

Notes
Turn   | Place    | Note
-------+----------+-------------------------------------------
     0 | D:5      | Goblin1989 the Demonspawn Delver began the quest for the
                  | Orb.
     0 | D:5      | Reached XP level 1. HP: 18/18 MP: 1/1
     8 | D:4      | Noticed an iguana
    19 | D:4      | Slain by a quokka

Illustrated notes

Levels and vault maps discovered:
D:4:      layout_layer_cave, nicolae_dithmenos_shadow_blocks
D:5:      layout_loops_ring, nicolae_qazlal_general_emergency,
          nzn_wu_jian_council_hall, minmay_temple_entry_poolview,
          minmay_manual_mess

Action                     || total
---------------------------++-------
  Melee: Mace              ||     2
   Stab: Sleeping          ||     1
 Armour: Leather armour    ||     4
  Dodge: Dodged            ||     5
